 Dungeon Crawl Stone Soup version 0.18-a0-1702-gd20c6a5 (webtiles) character file.

7830 Ijustatesigmund the Covert (level 11, -9/74 HPs)
             Began as an Octopode Assassin on Apr 6, 2016.
             Was an Elder of Cheibriados.
             Mangled by a hill giant
             ... wielding a +0 giant club
              (37 damage)
             ... on level 10 of the Dungeon.
             The game lasted 00:45:37 (11889 turns).

Ijustatesigmund the Covert (Octopode Assassin)     Turns: 11889, Time: 00:45:38

Health: -9/74      AC:  5    Str: 25    XL:     11   Next: 21%
Magic:  24/24      EV: 16    Int: 24    God:    Cheibriados [****..]
Gold:   567        SH: 11    Dex: 27    Spells: 1 memorised, 7 levels left

rFire  . . .     SeeInvis .     L - +0 dagger (pain)
rCold  . . .     Gourm    .     F - +0 shield
rNeg   + + .     Faith    .     (helmet restricted)
rPois  .         Spirit   .     (no amulet)
rElec  .         Dismiss  .     q - +4 ring of protection
rCorr  +         Reflect  .     k - ring of positive energy
SustAt .         Harm     .     l - ring of resist corrosion
MR     .....                    i - ring of magical power
Stlth  ++++++....               o - ring of positive energy
                                (no ring)
                                (no ring)
                                (no ring)

@: mighty, very slow, not resistant to hostile enchantments, very stealthy
A: almost no armour, amphibious, 8 rings, constrict 8, camouflage 1, gelatinous
body 1
a: Bend Time, Temporal Distortion, Slouch, Renounce Religion


You were on level 10 of the Dungeon.
You worshipped Cheibriados.
Cheibriados was greatly pleased with you.
You were not hungry.

You visited 2 branches of the dungeon, and saw 12 of its levels.
You also visited: Sewer.

You collected 567 gold pieces.

Inventory:

Hand Weapons
 a - a +2 dagger
 b - a +0 blowgun
 p - a +0 hunting sling of flaming
 y - a +1 dagger of venom
 L - a +0 dagger of pain (weapon)
 Q - a +1 dagger of venom
Missiles
 t - a tomahawk of returning
 w - 8 tomahawks (quivered)
 A - 33 poisoned needles
 O - 2 needles of sleeping
Armour
 F - a +0 shield (worn)
 H - a +0 buckler
Jewellery
 i - a ring of magical power (on tentacle)
 k - a ring of positive energy (right tentacle)
 l - a ring of resist corrosion (on tentacle)
 o - a ring of positive energy (on tentacle)
 q - a +4 ring of protection (left tentacle)
Wands
 h - a wand of paralysis (3/24)
 J - a wand of iceblast (9/15)
 K - a wand of acid (4/15)
 M - a wand of flame (26/48)
 N - a wand of iceblast (3/15)
 U - a wand of iceblast (3/15)
Scrolls
 m - a scroll of teleportation
 x - a scroll of blinking
 D - 6 scrolls of remove curse
 G - a scroll of immolation
 P - a scroll of fog
Potions
 c - a potion of ambrosia
 e - 3 potions of lignification
 f - 5 potions of flight
 g - a potion of heal wounds
 j - 3 potions of agility
 n - 2 potions of might
 s - 2 potions of curing
 u - a potion of cancellation
 z - 2 potions of magic
 C - 3 potions of mutation
 I - 2 potions of cure mutation {unknown}
Books
 d - a book of Burglary

   Spells                             Type                      Level
   a - Swiftness                      Charms/Air                   2
   b - Passwall                       Transmutation/Earth          2
   c - Passage of Golubria            Translocation                4
   d - Lee's Rapid Deconstruction     Earth                        5
   e - Darkness                       Hexes                        6
   f - Invisibility                   Hexes                        6
 v - a book of Necromancy

   Spells                             Type                      Level
   a - Pain                           Necromancy                   1
   b - Animate Skeleton               Necromancy                   1
   c - Vampiric Draining              Necromancy                   3
   d - Regeneration                   Charms/Necromancy            3
   e - Animate Dead                   Necromancy                   4
   f - Control Undead                 Necromancy                   4
 E - a Fen Folio

   Spells                             Type                      Level
   a - Corpse Rot                     Necromancy                   2
   b - Stone Arrow                    Conjuration/Earth            3
   c - Leda's Liquefaction            Hexes/Earth                  4
   d - Summon Forest                  Summoning/Translocation      5
   e - Hydra Form                     Transmutation                6
   f - Summon Hydra                   Summoning                    7
 R - a book of Enchantments

   Spells                             Type                      Level
   a - Cause Fear                     Hexes                        4
   b - Yara's Violent Unravelling     Hexes/Transmutation          5
   c - Silence                        Hexes/Air                    5
   d - Deflect Missiles               Charms/Air                   6
   e - Haste                          Charms                       6
   f - Discord                        Hexes                        8
Comestibles
 r - 7 bread rations
 B - 5 meat rations
 S - a fruit
 T - 6 chunks of flesh


   Skills:
 + Level 6.7 Fighting
 + Level 7.3 Short Blades
 - Level 6.2 Throwing
 - Level 5.3 Dodging
 + Level 9.3 Stealth
 + Level 4.3 Shields
 - Level 5.0 Charms
 - Level 5.0 Necromancy
 - Level 6.1 Invocations


You had 7 spell levels left.
You knew the following spells:

 Your Spells              Type           Power        Failure   Level  Hunger
a - Regeneration          Chrm/Necr      ###.......   21%         3    ####...


Dungeon Overview and Level Annotations

Branches:
Dungeon (11/15)            Temple (1/1) D:5
   Lair: D:8-11         Orc: D:9-12

Altars:
Ashenzari
Cheibriados
Dithmenos
Elyvilon
Fedhas
Gozag
Kikubaaqudgha
Makhleb
Nemelex Xobeh
Okawaru
Pakellas
Qazlal
Ru
Sif Muna
Trog
Vehumet
Xom
Yredelemnul
Zin
The Shining One

Shops:
D:9 }

Annotations:
D:7 UsefulIdiot's ghost, novice DsWz
D:11 PeterLawrence's ghost, journeyman MiBe


Innate Abilities, Weirdness & Mutations

You cannot wear most types of armour.
You are amphibious.
You can wear up to eight rings at the same time.
You can use your tentacles to constrict eight enemies at once.
Your skin changes colour to match your surroundings (Stealth).
Your rubbery body absorbs attacks (AC +1).


Message History

The hill giant is lightly wounded.
You hit the hill giant but do no damage.
The hill giant writhes in agony.
You squeeze the hill giant!
The hill giant is moderately wounded.
You block the hill giant's attack.
You hit the hill giant.
The hill giant writhes in agony.
The hill giant is heavily wounded.
You block the hill giant's attack.
You hit the hill giant.
The hill giant writhes in agony.
The hill giant is heavily wounded.
Drink which item? (? for menu, Esc to quit)
You feel very mighty all of a sudden.
The hill giant hits you with a giant club!!
You puncture the hill giant!
The hill giant is severely wounded.
You puncture the hill giant!
The hill giant writhes in agony.
The hill giant is almost dead.
The hill giant hits you with a giant club!!!
Ouch! That really hurt!
You die...

##...# #..# #.##..#
#......# # ##...# #..#
#.##(.# #......# # ##...#
#..###.##..###......# #
##...#
#......##...........######
##.(.#
#......##..(..............
##...#
#......##.(...............
##...#
#......##..###.......####.
##...# #......##C.#
#.......# #. ##...#
#......##@.# #.......# #.
##...# #..........#
#......(# #. ##...#
#......###.# #.####..# #.
##...# #......# #.# #.#
#..# #. ##...###......#
#.# #.# #..####.
..............# #.# #.#
#....... .(............#
#.###.# #.......
###.####......# #.....#
#....... #)# #......#
#.##..####.......


You could see a hill giant.

Vanquished Creatures
  Pikel (D:4)
  2 trolls (D:10)
  A two-headed ogre (D:8)
  Sigmund (D:2)
  A yak (D:11)
  A wyvern (D:8)
  A hungry ghost (D:7)
  5 hippogriffs
  A water moccasin (D:7)
  Purgy (Sewer)
  3 orc warriors
  2 slaves (D:4)
  3 sky beasts
  A wasp (D:10)
  3 phantoms
  2 black bears
  A necrophage (D:7)
  4 ice beasts
  5 centaurs
  4 ogres
  4 giant frogs
  A big kobold (D:8)
  A wyvern zombie (D:9)
  A wyvern skeleton (D:9)
  A water moccasin skeleton (D:9)
  4 scorpions
  8 killer bees (D:9)
  3 wights (D:8)
  A howler monkey (D:8)
  6 crimson imps
  A quasit (D:8)
  4 hounds
  7 orc priests
  8 orc wizards
  A centaur skeleton (D:9)
  6 giant frog skeletons
  5 iguanas
  12 worker ants
  Ijyb (D:2)
  A worker ant zombie (D:10)
  5 gnolls
  A howler monkey skeleton (D:9)
  7 adders
  2 river rats (D:3)
  2 shadow imps
  4 adder skeletons
  2 worms
  A dart slug (D:1)
  3 giant geckos
  39 orcs
  8 bats
  12 giant cockroaches
  2 gnoll zombies (D:2)
  3 goblins (D:1)
  7 hobgoblins
  6 jackals
  15 kobolds
  8 quokkas
  5 ball pythons
  A giant gecko skeleton (D:6)
  A giant gecko zombie (D:5)
  10 giant newts
  A jackal zombie (D:5)
  14 rats
278 creatures vanquished.

Vanquished Creatures (others)
  A slave (D:5)
  An adder (D:5)
  2 fungi (D:10)
  11 plants (D:11)
15 creatures vanquished.

Grand Total: 293 creatures vanquished

Notes
Turn   | Place    | Note
--------------------------------------------------------------
     0 | D:1      | Ijustatesigmund the Octopode Assassin began the quest for the Orb.
     0 | D:1      | Reached XP level 1. HP: 14/14 MP: 1/1
   124 | D:1      | Reached XP level 2. HP: 19/19 MP: 2/2
   597 | D:1      | Reached XP level 3. HP: 23/25 MP: 3/3
  1425 | D:2      | Reached XP level 4. HP: 31/31 MP: 4/4
  1486 | D:2      | Noticed Sigmund
  1504 | D:2      | Killed Sigmund
  1504 | D:2      | Reached skill level 8 in Stealth
  1504 | D:2      | Reached XP level 5. HP: 18/36 MP: 5/5
  1853 | D:2      | Reached XP level 6. HP: 42/42 MP: 6/6
  1881 | D:2      | Noticed Ijyb
  1897 | D:2      | Killed Ijyb
  1904 | D:2      | Found a basalt altar of Yredelemnul.
  2367 | D:3      | Found a glowing drain.
  2483 | Sewer    | Entered a sewer
  2608 | Sewer    | Noticed Purgy
  2951 | Sewer    | Killed Purgy
  3296 | D:4      | Reached XP level 7. HP: 43/46 MP: 7/7
  3538 | D:4      | Reached skill level 9 in Stealth
  4021 | D:5      | Entered Level 5 of the Dungeon
  4118 | D:5      | Reached skill level 5 in Short Blades
  4318 | D:5      | Reached XP level 8. HP: 34/52 MP: 8/8
  4610 | D:5      | Noticed Pikel
  4905 | D:4      | Killed Pikel
  4905 | D:4      | Reached skill level 5 in Throwing
  4905 | D:4      | Reached XP level 9. HP: 38/56 MP: 9/9
  4995 | D:4      | Reached skill level 5 in Dodging
  5004 | D:4      | Found a white marble altar of Elyvilon.
  5151 | D:4      | Found a glowing golden altar of the Shining One.
  5461 | D:5      | Found a staircase to the Ecumenical Temple.
  5487 | Temple   | Entered the Ecumenical Temple
  5613 | Temple   | Became a worshipper of Cheibriados the Contemplative
  5923 | D:5      | Reached skill level 1 in Invocations
  5977 | D:6      | Found a bloodstained altar of Trog.
  6030 | D:6      | You fall through a shaft!
  6227 | D:6      | Reached * piety under Cheibriados
  6439 | D:6      | Found an opulent altar of Gozag.
  6903 | D:7      | Found a burning altar of Makhleb.
  7016 | D:7      | Reached skill level 5 in Fighting
  7413 | D:7      | Noticed UsefulIdiot's ghost (novice DsWz)
  7427 | D:7      | Reached skill level 1 in Shields
  7430 | D:7      | Reached ** piety under Cheibriados
  7894 | D:8      | Reached XP level 10. HP: 66/66 MP: 13/13
  7964 | D:8      | Reached skill level 5 in Invocations
  8459 | D:8      | Found a glowing silver altar of Zin.
  8541 | D:8      | Found a sparkling altar of Nemelex Xobeh.
  8655 | D:8      | Found an ancient bone altar of Kikubaaqudgha.
  8659 | D:8      | Reached *** piety under Cheibriados
  8980 | D:8      | Found a shimmering altar of Xom.
  9152 | D:9      | Found a glowing golden altar of the Shining One.
  9327 | D:9      | Learned a level 3 spell: Regeneration
  9500 | D:9      | Reached skill level 1 in Charms
  9506 | D:9      | Reached skill level 1 in Necromancy
  9588 | D:9      | Reached **** piety under Cheibriados
  9890 | D:9      | Found an iron altar of Okawaru.
 10348 | D:9      | Found an oddly glowing altar of Pakellas.
 10348 | D:9      | Found Pakellas's Prime Provisions.
 10363 | D:10     | Entered Level 10 of the Dungeon
 10794 | D:10     | Reached XP level 11. HP: 74/74 MP: 15/15
 10806 | D:10     | Noticed a hill giant
 11231 | D:11     | Reached skill level 5 in Charms
 11460 | D:11     | Reached skill level 5 in Necromancy
 11501 | D:11     | Noticed PeterLawrence's ghost (journeyman MiBe)
 11513 | D:10     | Found a blossoming altar of Fedhas.
 11889 | D:10     | Mangled by a hill giant

Vault maps used:
D:1:      dpeg_arrival_prison
D:2:      lemuel_zombie_altar_yredelemnul, kennysheep_generic_room_12,
          uniq_iyjb, uniq_sigmund
D:3:      portal_sewer_entry_b
D:4:      nicolae_overflow_crystal_walls, first_bread,
          nicolae_tso_carved_into_rock
D:5:      minmay_temple_entry_overgrown, minivault_26, st_stairs_9, uniq_pikel
D:6:      nicolae_gozag_seed_capital, bloody_trog
D:7:      makhleb_grotto_becter, grunt_ogre_cave
D:8:      grunt_temple_overflow_open, lemuel_crystal_altar, lemuel_doored_altar
D:9:      johnstein_pakellas_shop, lemuel_crystal_altar, lemuel_round_altar
D:10:     fedhas_altar_3
D:11:     david_lair_shrubbed, hex_medium, jiyva_altar_1
Temple:   nicolae_temple_figure_zero
Sewer:    sewer_co_purgy_island

Skill      XL: |  1  2  3  4  5  6  7  8  9 10 11 |
---------------+----------------------------------+-----
Short Blades   | 3 4 5 6 7 |  7.3
Fighting       | 3 5 6 |  6.7
Stealth        | 8 9 |  9.3
Throwing       | 4 5 6 |  6.2
Dodging        | 2 4 5 |  5.3
Invocations    | 4 6 |  6.1
Shields        | 2 4 |  4.3
Charms         | 4 5 |  5.0
Necromancy     | 4 5 |  5.0

Action                   |  1- 3 |  4- 6 |  7- 9 | 10-12 || total
-------------------------+-------+-------+-------+-------++-------
Melee: Dagger            |    66 |    79 |   307 |   268 ||   720
 Fire: Blowgun           |       |    24 |     7 |     9 ||    40
Throw: Tomahawk          |       |    13 |    14 |    32 ||    59
Invok: Slouch            |       |       |       |     1 ||     1
       Temporal Distorti |       |       |       |     2 ||     2
Evoke: Wand              |       |     2 |       |     5 ||     7
  Use: Scroll            |     7 |     6 |     6 |     5 ||    24
       Potion            |     1 |       |     9 |     3 ||    13
 Stab: Sleeping          |    14 |    11 |    29 |    22 ||    76
       Distracted        |       |     1 |       |     3 ||     4
       Paralysed         |       |     1 |       |     1 ||     2
  Eat: Chunk             |     2 |     1 |     6 |     3 ||    12
       Bread ration      |       |     1 |       |       ||     1
       Pizza             |       |       |     2 |       ||     2
       Meat ration       |       |       |     1 |       ||     1
       Fruit             |       |       |       |     4 ||     4
